 Dungeon Crawl Stone Soup version 0.22.1-6-g1668fe2 (webtiles) character file.

4440 Exodus3 the Blocker (level 10, -2/88 HPs)
             Began as a Minotaur Fighter on Jan 18, 2019.
             Was an Initiate of Gozag.
             Slain by a yak (12 damage)
             ... on level 9 of the Dungeon on Jan 24, 2019.
             The game lasted 01:09:44 (10670 turns).

Exodus3 the Blocker (Minotaur Fighter)             Turns: 10670, Time: 01:09:45

Health: -2/88      AC: 12    Str: 22    XL:     10   Next: 14%
Magic:  9/9        EV: 11    Int:  7    God:    Gozag
Gold:   1173       SH: 11    Dex: 10    Spells: 9/9 levels left

rFire    . . .     SeeInvis .   D - +5 spear
rCold    . . .     Gourm    +   c - +0 shield
rNeg     . . .     Faith    .   r - +0 swamp dragon scales
rPois    +         Spirit   .   (helmet restricted)
rElec    .         Reflect  .   (no cloak)
rCorr    .         Harm     .   v - +0 pair of gloves
MR       .....                  (no boots)
Stlth    +.........             a - amulet of the gourmand
HPRegen  0.24/turn              E - +1 ring of protection
MPRegen  0.11/turn              w - +1 ring of protection

@: gold aura
A: retaliatory headbutt, horns 2
a: Potion Petition, Call Merchant, Bribe Branch, Renounce Religion


You were on level 9 of the Dungeon.
You worshipped Gozag.
Gozag was most pleased with you.
You were hungry.

You visited 2 branches of the dungeon, and saw 10 of its levels.

You collected 1267 gold pieces.
You paid 94 gold pieces to Gozag.

Inventory:

Hand Weapons
 D - a +5 spear (weapon)
 H - a +3 scimitar
Missiles
 b - a throwing net
 i - 87 bolts
 n - 28 poisoned needles (quivered)
 o - 204 arrows
Armour
 c - a +0 shield (worn)
 r - +0 swamp dragon scales (worn)
 v - a +0 pair of gloves (worn)
Jewellery
 a - an amulet of the gourmand (around neck)
 w - a +1 ring of protection (right hand)
 E - a +1 ring of protection (left hand)
 F - an uncursed ring of protection from fire
Wands
 l - a wand of random effects (32)
 m - a wand of polymorph (6)
 x - a wand of acid (22)
 B - a wand of digging (9)
 I - a wand of paralysis (6)
Scrolls
 e - 6 scrolls of identify
 h - 3 scrolls of magic mapping
 j - a scroll of fog
 k - 4 scrolls of fear
 p - 2 scrolls of teleportation
 s - 2 scrolls of remove curse
 u - a scroll of noise
 y - a scroll of immolation
Potions
 d - a potion of might
 f - a potion of cancellation
 g - 2 potions of haste
 t - a potion of flight
 z - 4 potions of curing
 A - a potion of agility
 C - 4 potions of lignification
Miscellaneous
 G - a box of beasts
Comestibles
 q - 3 rations


   Skills:
 + Level 7.7 Fighting
   Level 5.5(8.0) Axes
 + Level 9.0(9.6) Polearms
 + Level 7.9 Armour
 + Level 4.9 Dodging
 + Level 2.5 Stealth
 + Level 9.1 Shields


You had 9 spell levels left.
You didn't know any spells.
Your spell library contained the following spells:

 Spells                   Type           Power        Failure   Level  Hunger
 Animate Skeleton         Necr           N/A          83%         1    ##.....
 Pain                     Necr           #...         83%         1    ##.....
 Summon Small Mammal      Summ           #...         83%         1    ##.....
 Call Imp                 Summ           #.......     92%         2    ###....
 Call Canine Familiar     Summ           #.......     99%         3    ####...
 Regeneration             Chrm/Necr      #.........   99%         3    ####...
 Summon Guardian Golem    Hex/Summ       #.......     99%         3    ####...
 Vampiric Draining        Necr           #.........   99%         3    ####...
 Animate Dead             Necr           N/A          100%        4    #####..
 Summon Ice Beast         Ice/Summ       #.......     100%        4    #####..
 Summon Lightning Spire   Summ/Air       #.......     100%        4    #####..


Dungeon Overview and Level Annotations

Branches:
Dungeon (9/15)             Temple (1/1) D:4
   Lair: D:8-11         Orc: D:9-12

Altars:
Ashenzari
Cheibriados
Dithmenos
Elyvilon
Gozag
Hepliaklqana
Kikubaaqudgha
Makhleb
Nemelex Xobeh
Okawaru
Qazlal
Ru
Sif Muna
Trog
Uskayaw
Vehumet
Wu Jian
Xom
Yredelemnul
Zin
The Shining One


Innate Abilities, Weirdness & Mutations

You reflexively headbutt those who attack you in melee.
You have a pair of horns on your head.


Message History

You see here 8 gold pieces.
You hit the yak.
The yak is lightly wounded.
The yak closely misses you. You furiously retaliate!
You headbutt the yak. You hit the yak.
The yak is moderately wounded.
You block the jackal's attack. The yak gores you but does no damage.
The yak gores you!
* * * LOW HITPOINT WARNING * * *
The yak barely misses you. The yak gores you.
* * * LOW HITPOINT WARNING * * *
You barely miss the jackal. Your headbutt misses the jackal.
The jackal bites you.
* * * LOW HITPOINT WARNING * * *
The yak barely misses you.
The jackal is no longer distracted by gold.
The yak is distracted by the nearby gold.
You block the jackal's attack. The yak gores you!
You die...
Your body crumbles into a pile of gold.

.#.#........ #.......#
.#.#.....# #.# +###.......#
.###.....# #.# ............#
.........#
#.####.............
........$# #......... .......
#####...$#
#........#####.....
#....######........#...#.....
#.........YYh......#...#.....
#........JYh@......#...#..#'#
#...###.##########.#...'..#..
#...# ......#.#...#..#.. #...
......#.#...#..#.. .....
......'.#...#..#.. #####.
......#.#####..#.. #.
......'..<.....#.. #.
......#........#..
......#........#'#


You could see 3 yaks, a jelly and 2 jackals.

Vanquished Creatures
  Pikel (D:5)
  A cyclops (D:9)
  Joseph (D:7)
  A troll (D:9)
  2 yaks (D:9)
  Menkaure (D:7)
  2 slaves (D:5)
  2 ice beasts
  An orc warrior (D:9)
  3 sky beasts
  2 phantoms
  An ogre (D:6)
  A crocodile (D:8)
  3 centaurs
  A bullfrog (D:6)
  A wyvern skeleton (D:6)
  A water moccasin skeleton (D:8)
  A howler monkey (D:7)
  3 wights (D:9)
  3 crimson imps (D:8)
  2 jellies
  A bullfrog skeleton (D:5)
  2 bullfrog zombies (D:5)
  4 hounds
  5 orc priests
  5 orc wizards
  A centaur skeleton (D:8)
  2 iguanas
  6 worker ants
  A hound zombie (D:7)
  A hound skeleton (D:8)
  A howler monkey zombie (D:5)
  Robin (D:2)
  A worker ant zombie (D:7)
  10 gnolls
  11 adders
  2 oozes
  An adder zombie (D:5)
  An adder skeleton (D:6)
  2 worms
  3 dart slugs
  5 leopard geckos
  20 orcs
  5 bats
  4 giant cockroaches
  18 goblins
  14 hobgoblins
  3 jackals
  3 quokkas
  4 frilled lizards
  A giant cockroach zombie (D:6)
  A jackal skeleton (D:5)
  A jackal zombie (D:5)
  6 kobolds
  A leopard gecko skeleton (D:6)
  A leopard gecko zombie (D:5)
  8 rats
  2 withered plants (D:5)
192 creatures vanquished.

Vanquished Creatures (others)
  A slave (D:5)
  A howler monkey (D:5)
  An orc wizard (D:5)
  A worker ant (D:5)
  2 adder zombies (D:5)
  2 orcs (D:5)
  A leopard gecko zombie (D:5)
9 creatures vanquished.

Grand Total: 201 creatures vanquished

Notes
Turn   | Place    | Note
-------+----------+-------------------------------------------
     0 | D:1      | Exodus3 the Minotaur Fighter began the quest for the Orb.
     0 | D:1      | Reached XP level 1. HP: 19/19 MP: 0/0
   298 | D:1      | Reached XP level 2. HP: 27/27 MP: 1/1
   746 | D:1      | Reached XP level 3. HP: 33/33 MP: 2/2
   926 | D:1      | You fall through a shaft!
  1125 | D:2      | Noticed Robin
  1143 | D:2      | Killed Robin
  1187 | D:2      | Found a glowing golden altar of the Shining One.
  1229 | D:2      | Reached XP level 4. HP: 26/41 MP: 3/3
  1322 | D:2      | Found a snail-covered altar of Cheibriados.
  1537 | D:2      | Reached skill level 1 in Dodging
  1887 | D:2      | Found a deep blue altar of Sif Muna.
  2620 | D:3      | Reached XP level 5. HP: 32/47 MP: 4/4
  3670 | D:4      | Found a staircase to the Ecumenical Temple.
  3677 | Temple   | Entered the Ecumenical Temple
  3968 | Temple   | Became a worshipper of Gozag Ym Sagoz the Greedy
  4114 | D:4      | Reached skill level 5 in Shields
  4114 | D:4      | Reached XP level 6. HP: 48/55 MP: 5/5
  4324 | D:4      | Reached skill level 5 in Axes
  4330 | D:4      | Reached skill level 5 in Fighting
  4751 | D:4      | Found a glowing silver altar of Zin.
  4877 | D:4      | Reached skill level 5 in Armour
  4911 | D:4      | Found a white marble altar of Elyvilon.
  5088 | D:5      | Entered Level 5 of the Dungeon
  5088 | D:5      | Noticed a slave
  5088 | D:5      | Noticed an ice beast
  5105 | D:5      | Killed an ice beast
  5105 | D:5      | Reached skill level 1 in Polearms
  5105 | D:5      | Reached XP level 7. HP: 61/61 MP: 6/6
  5116 | D:5      | Noticed Pikel
  5154 | D:5      | Killed Pikel
  5154 | D:5      | Reached skill level 1 in Stealth
  5281 | D:5      | Reached XP level 8. HP: 54/70 MP: 7/7
  5858 | D:5      | Reached skill level 5 in Polearms
  7399 | D:7      | Noticed Menkaure
  7408 | D:7      | Killed Menkaure
  7420 | D:7      | Noticed Joseph
  7448 | D:7      | Killed Joseph
  7448 | D:7      | Reached XP level 9. HP: 26/78 MP: 8/8
  9091 | D:8      | Found a radiant altar of Vehumet.
  9091 | D:8      | Found a burning altar of Makhleb.
  9236 | D:8      | Found a sacrificial altar of Ru.
  9612 | D:9      | Noticed a troll
  9619 | D:9      | Killed a troll
 10287 | D:9      | Noticed a cyclops
 10302 | D:9      | Killed a cyclops
 10302 | D:9      | Reached XP level 10. HP: 69/86 MP: 9/9
 10428 | D:9      | Found a hazy altar of Hepliaklqana.
 10670 | D:9      | Slain by a yak

Skill      XL: |  1  2  3  4  5  6  7  8  9 10 |
---------------+-------------------------------+-----
Fighting       | 4 5 6 7 |  7.7
Shields        | 4 5 6 7 8 9 |  9.1
Armour         | 4 5 6 7 |  7.9
Axes           | 3 4 5 |  5.5
Dodging        | 1 2 3 4 |  4.9
Polearms       | 1 3 7 8 9 |  9.0
Stealth        | 1 2 |  2.5

Action                   |  1- 3 |  4- 6 |  7- 9 | 10-12 || total
-------------------------+-------+-------+-------+-------++-------
Melee: War axe           |    74 |   169 |       |       ||   243
       Headbutt          |    11 |    26 |    81 |     8 ||   126
       Mace              |       |     1 |       |       ||     1
       Spear             |       |    22 |   393 |    58 ||   473
Invok: Potion Petition   |       |       |     1 |       ||     1
  Use: Scroll            |       |     5 |     6 |       ||    11
       Potion            |       |     3 |     8 |       ||    11
 Stab: Distracted        |       |       |     2 |       ||     2
  Eat: Chunk             |       |     3 |       |       ||     3
       Ration            |       |     3 |     5 |       ||     8
Armor: Scale mail        |    42 |    53 |       |       ||    95
       Swamp dragon scal |       |    28 |    96 |    22 ||   146
Dodge: Dodged            |    32 |    76 |   103 |    24 ||   235
Block: Shield            |    43 |   124 |   157 |    39 ||   363
